 Dungeon Crawl Stone Soup version 0.27-a0-1147-gb3d8e82157 (webtiles) character file.

Game seed: 9506765714990216048

76 kae the Skirmisher (level 4, -2/37 HPs)
             Began as a Demonspawn Abyssal Knight on May 11, 2021.
             Was a Believer of Lugonu.
             Succumbed to a scorpion's poison
             ... on level 3 of the Dungeon.
             The game lasted 00:02:01 (2327 turns).

kae the Skirmisher (Demonspawn Abyssal Knight)      Turns: 2327, Time: 00:02:01

Health: -2/37      AC:  6    Str: 13    XL:     4   Next: 12%
Magic:  0/5        EV:  9    Int: 14    God:    Lugonu [**....]
Gold:   116        SH:  3    Dex: 12    Spells: 3/3 levels left

rFire    . . .     SeeInvis .   a - +1 falchion (freeze)
rCold    . . .     Faith    .   h - +0 buckler
rNeg     . . .     Spirit   +   e - +1 ring mail
rPois    .         Reflect  .   (helmet restricted)
rElec    .         Harm     .   (no cloak)
rCorr    .         Rampage  .   (no gloves)
Will     +....                  (no boots)
Stlth    +.........             c - amulet of guardian spirit
HPRegen  0.12/turn              d - ring of willpower
MPRegen  0.09/turn              (no ring)

@: lethally poisoned (-2 -> -22)
A: horns 1, powered by death 1
a: Renounce Religion, Depart the Abyss, Bend Space


You were on level 3 of the Dungeon.
You worshipped Lugonu.
Lugonu was pleased with you.
You visited 1 branch of the dungeon, and saw 3 of its levels.
You visited the Abyss 1 time.

You collected 116 gold pieces.

Inventory:

Hand Weapons
 a - a +1 falchion of freezing (weapon)
Armour
 b - a +0 leather armour
 e - a +1 ring mail (worn)
 h - a +0 buckler (worn)
Jewellery
 c - an amulet of guardian spirit (around neck)
 d - a ring of willpower (left hand)
Scrolls
 g - a scroll of identify
Potions
 f - a potion of flight


   Skills:
 + Level 3.6 Fighting
 * Level 3.2 Long Blades
 - Level 1.7 Armour
 - Level 0.8 Dodging
 + Level 1.0 Shields
 - Level 2.4 Invocations


You had 3 spell levels left.
You didn't know any spells.
Your spell library was empty.

Dungeon Overview and Level Annotations

Branches:
Dungeon (3/15)

Altars:


Innate Abilities, Weirdness & Mutations

You have a pair of small horns on your head.
You regenerate a little health from kills.


Message History

A scorpion is nearby!
A scorpion is nearby!
A scorpion is nearby!
You aren't carrying any items that you can evoke.
Okay, then.
Okay, then.
You barely miss the scorpion. The scorpion stings you.
You hit the scorpion but do no damage. Your headbutt misses the scorpion.
The scorpion stings you but does no damage.
Your ring mail prevents you from hitting the scorpion.
The scorpion stings you but does no damage.
The scorpion barely misses you.
You closely miss the scorpion. Your headbutt misses the scorpion.
The scorpion stings you.
You are poisoned.
The scorpion poisons you!
You hit the scorpion but do no damage.
You feel sick. The scorpion stings you! The scorpion stings you.
You hit the scorpion but do no damage.
You feel sick. The scorpion stings you.
You barely miss the scorpion.
You feel sick. You block the scorpion's attack.
You barely miss the scorpion.
You feel sick. The scorpion stings you.
* * * LOW HITPOINT WARNING * * *
You are lethally poisoned!
The scorpion poisons you! The scorpion closely misses you.
You hit the scorpion. You freeze the scorpion.
Your headbutt misses the scorpion.
The scorpion is lightly wounded.
* * * LOW HITPOINT WARNING * * *
You feel very sick.
The scorpion stings you but does no damage.
You hit the scorpion. You freeze the scorpion.
The scorpion is heavily wounded.
* * * LOW HITPOINT WARNING * * *
You feel very sick. The scorpion stings you.
* * * LOW HITPOINT WARNING * * *
You are more poisoned.
The scorpion poisons you! You block the scorpion's attack.
Space bends around you!
You blink.
You die...

#########
#.......#
#.#####.#
#.#####......[#
#.....<[..@##.#
#######.##.##.#
#.##..#.#
#.......#
#######
#.###>#.#
#.....#
#.......##
#.....#
##...ยง...#
#.....#
#.##s##.#
#.....####.##.#
.#


You could see a scorpion.

Vanquished Creatures
  5 dart slugs
  4 bats
  5 endoplasms
  A giant cockroach (D:1)
  8 goblins
  7 hobgoblins
  8 jackals (D:1)
  3 kobolds (D:1)
  5 frilled lizards
  2 rats
48 creatures vanquished.

Vanquished Creatures (collateral kills)
  An adder (D:2)
1 creature vanquished.

Grand Total: 49 creatures vanquished

Notes
Turn   | Place    | Note
-------+----------+-------------------------------------------
     0 | Abyss:1  | kae the Demonspawn Abyssal Knight began the quest for the
                  | Orb.
     0 | Abyss:1  | Reached XP level 1. HP: 18/18 MP: 2/2
    37 | Abyss:1  | Noticed a small abomination
    78 | Abyss:1  | Noticed a necromancer
   108 | Abyss:1  | Noticed a neqoxec
   116 | Abyss:1  | Noticed a worldbinder
   120 | Abyss:1  | Noticed a hellwing
   122 | D:1      | Escaped the Abyss
   561 | D:1      | Gained mutation: You have a pair of small horns on your
                  | head. [demonic ancestry]
   561 | D:1      | Reached XP level 2. HP: 24/24 MP: 3/3
   589 | D:1      | Reached * piety under Lugonu
  1098 | D:1      | Reached XP level 3. HP: 14/29 MP: 4/4
  2044 | D:2      | Gained mutation: You regenerate a little health from kills.
                  | [demonic ancestry]
  2044 | D:2      | Reached XP level 4. HP: 36/36 MP: 5/5
  2055 | D:2      | Reached skill level 1 in Shields
  2057 | D:2      | Reached ** piety under Lugonu
  2307 | D:3      | Noticed a scorpion
  2327 | D:3      | Succumbed to a scorpion's poison

Illustrated notes

Levels and vault maps discovered:
D:1:      matt_arrival_grand_opening, layout_basic
D:2:      layout_rooms
D:3:      layout_loops_cross, hellmonk_ecumenical_altar_pennies_from_heaven

Skill      XL: |  1  2  3  4 |
---------------+-------------+-----
Long Blades    | 2 3 |  3.2
Shields        | 1 |  1.0
Fighting       | |  3.6
Armour         | |  1.7
Dodging        | |  0.8
Invocations    | |  2.4

Action                   |  1- 3 |  4- 6 || total
-------------------------+-------+-------++-------
Melee: Falchion          |   110 |    18 ||   128
       Headbutt          |    13 |     2 ||    15
Invok: Depart the Abyss  |     1 |       ||     1
       Bend Space        |       |     1 ||     1
  Use: Scroll            |     4 |     2 ||     6
Armor: Ring mail         |    48 |     6 ||    54
Dodge: Dodged            |    68 |     5 ||    73
Block: Buckler           |    10 |     2 ||    12
       Rpst.: Falchion   |    25 |     1 ||    26

Table legend: (Time is in decaauts)
 A = Elapsed time spent in this place.
 B = Non-inter-level travel time spent in this place.
 C = Inter-level travel time spent in this place.
 D = Time resting spent in this place.
 E = Time spent auto-exploring this place.
 F = Levels seen in this place.
 G = Mean time per level.
                   A        B        C        D        E       F      G
               +--------+--------+--------+--------+--------+-----+--------+
         Total |   2351 |   2303 |     48 |      5 |   1889 |   4 |  587.8 |
       Dungeon |   2229 |   2181 |     48 |      5 |   1852 |   3 |  743.0 |
         Abyss |    122 |    122 |      0 |      0 |     37 |   1 |  122.0 |
               +--------+--------+--------+--------+--------+-----+--------+

Top non-repeatable levels by time:
     D:1: 1494 daAuts
     D:2: 675 daAuts
 Abyss:1: 122 daAuts
     D:3: 59 daAuts
